 Dungeon Crawl Stone Soup version 0.29-a0-575-g0dc89cf053 (webtiles) character file.

Game seed: 7296839568056531952

94 xian the Conjurer (level 4, -11/24 HPs)
             Began as a Deep Elf Conjurer on June 12, 2022.
             Killed from afar by Ijyb (15 damage)
             ... with an iceblast
             ... on level 3 of the Dungeon.
             The game lasted 00:03:44 (1805 turns).

xian the Conjurer (Deep Elf Conjurer)               Turns: 1805, Time: 00:03:45

Health: -11/24     AC:  5    Str:  4    XL:     4   Next: 38%
Magic:  11/20      EV: 11    Int: 25    God:
Gold:   127        SH:  0    Dex: 13    Spells: 2/9 levels left

rFire   . . .      SeeInvis +   c - +0 short sword
rCold   . . .      Faith    .   (no shield)
rNeg    . . .      Spirit   .   h - +0 leather armour
rPois   .          Reflect  .   (no helmet)
rElec   .          Harm     .   i - +1 cloak
rCorr   .          Rampage  .   (no gloves)
Will    .....                   (no boots)
Stlth   ++........              (no amulet)
HPRegen 0.08/turn               k - ring of see invisible
MPRegen 0.17/turn               m - ring of magical power

@: no status effects
A: no striking features
a: no special abilities


You were on level 3 of the Dungeon.
You visited 1 branch of the dungeon, and saw 3 of its levels.

You collected 127 gold pieces.

Inventory:

Hand Weapons
 c - a +0 short sword (weapon)
Armour
 h - a +0 leather armour (worn)
 i - a +1 cloak (worn)
Jewellery
 g - a ring of wizardry
 k - a ring of see invisible (left hand)
 m - a ring of magical power (right hand)
Wands
 d - a wand of iceblast (5)
 f - a wand of polymorph (5)
Scrolls
 l - a scroll of fear
Potions
 b - a potion of magic
 e - a potion of attraction {unknown}
 j - a potion of lignification {unknown}


   Skills:
 + Level 0.2 Armour
 + Level 3.0 Dodging
 + Level 2.8 Stealth
 + Level 3.4 Spellcasting
 + Level 5.9 Conjurations


You had 2 spell levels left.
You knew the following spells:

 Your Spells              Type           Power      Damage    Failure   Level
a - Magic Dart            Conj           100%       1d8       1%          1
b - Searing Ray           Conj           66%        2d6       2%          2
c - Iskenderun's Mystic   Conj/Tloc      19%        2d6       45%         4

Your spell library contained the following spells:

 Spells                   Type           Power      Damage    Failure   Level
 Conjure Flame            Conj/Fire      19%        6-21      16%         3
 Dazzling Flash           Conj/Hex       38%        N/A       16%         3
 Stone Arrow              Conj/Erth      38%        3d9       16%         3
 Ignite Poison            Fire/Tmut/Pois 4%         N/A       45%         3
 Inner Flame              Hex/Fire       4%         N/A       45%         3
 Fulminant Prism          Conj/Hex       9%         3d7       45%         4
 Borgnjor's Vile Clutch   Necr/Erth      2%         N/A       99%         5


Dungeon Overview and Level Annotations

Branches:
Dungeon (3/15)

Altars:
Makhleb

Annotations:
D:3 Ijyb


Message History

You can't see any susceptible monsters within range! (Use Z to cast anyway.)
You can't see any susceptible monsters within range! (Use Z to cast anyway.)
You can't see any susceptible monsters within range! (Use Z to cast anyway.)
You can't see any susceptible monsters within range! (Use Z to cast anyway.)
A hobgoblin comes into view.
The magic dart hits the hobgoblin.
The hobgoblin is moderately wounded.
The hobgoblin shouts!
A kobold comes into view. It is wielding a +0 whip.
The magic dart hits the hobgoblin.
You kill the hobgoblin!
The kobold shouts!
The magic dart hits the kobold.
You kill the kobold!
Ijyb the Twisted Goblin comes into view.
She is wielding a +0 dagger and carrying a wand of iceblast (4).
The magic dart hits Ijyb but does no damage.
The magic dart hits Ijyb.
Ijyb is lightly wounded.
The magic dart hits Ijyb but does no damage.
Ijyb is lightly wounded.
Ijyb zaps a wand.
The mass of ice explodes!
The iceblast engulfs you!
You hear an angry hiss.
Casting: Magic Dart (safe; 1% risk of failure)
Confirm with . or Enter, or press ? or * to list all spells.
Aiming: Searing Ray (safe; 2% risk of failure)
Press: ? - help, Shift-Dir - straight line, f/p - Ijyb
Aim: Ijyb, wielding a +0 dagger, wearing a +0 scale mail and carrying a wand of iceblast (3) (lightly wounded, 78% to hit)
The searing ray hits Ijyb but does no damage.
Ijyb is lightly wounded. (Press . to maintain the ray.)
The searing ray hits Ijyb.
Ijyb is moderately wounded.
Ijyb zaps a wand.
The mass of ice explodes!
The iceblast engulfs you!
* * * LOW HITPOINT WARNING * * *
You hear an angry hiss.
The searing ray hits Ijyb.
Ijyb is moderately wounded.
Ijyb zaps a wand.
The mass of ice explodes!
The iceblast engulfs you!
Ouch! That really hurt!
You die...

##. #..#..... #.. #.©#(
... #.# #..# ... #.#
#..#..# #.###..#..##
#.#.#..#.... . .......#
.).
.......#############....
#...............@..g....
#.#.#...................
#.#.#######.....########
#.#.# ##...## ....#
##'## #.### #.# #.# #†#
...


You could see Ijyb.

Vanquished Creatures
  Natasha (D:2)
  3 adders (D:2)
  A worm (D:2)
  A dart slug (D:2)
  4 bats
  6 endoplasms
  3 goblins
  6 hobgoblins
  2 quokkas (D:1)
  4 frilled lizards
  5 kobolds
  4 rats
  A spectral hobgoblin (D:1)
41 creatures vanquished.

Notes
Turn   | Place    | Note
-------+----------+-------------------------------------------
     0 | D:1      | xian the Deep Elf Conjurer began the quest for the Orb.
     0 | D:1      | Reached XP level 1. HP: 10/10 MP: 6/6
   329 | D:1      | Found a faded altar of an unknown god.
   366 | D:1      | Reached XP level 2. HP: 15/15 MP: 2/8
   369 | D:1      | Learned a level 2 spell: Searing Ray
   610 | D:1      | Reached skill level 5 in Conjurations
   851 | D:2      | Noticed Natasha
   880 | D:2      | Killed Natasha
   881 | D:2      | Reached XP level 3. HP: 19/19 MP: 3/9
  1127 | D:2      | Reached XP level 4. HP: 24/24 MP: 6/10
  1172 | D:2      | Got the Compendium of the Igneous Rocks
  1193 | D:2      | Learned a level 4 spell: Iskenderun's Mystic Blast
  1207 | D:2      | Found a burning altar of Makhleb.
  1798 | D:3      | Noticed Ijyb
  1805 | D:3      | Killed from afar by Ijyb

Illustrated notes

Levels and vault maps discovered:
D:1:      tarquinn_simple_flora_water_c, layout_loops_ring,
          dreamdust_ecumenical_altar_drowned_temple
D:2:      layout_rooms, basic_altar, uniq_natasha
D:3:      layout_loops_corners, gammafunk_ghost_mausoleum, uniq_ijyb

Skill      XL: |  1  2  3 |
---------------+----------+-----
Conjurations   | 5 |  5.9
Dodging        | 3 |  3.0
Armour         | |  0.2
Stealth        | |  2.8
Spellcasting   | |  3.4

Action                   |  1- 3 |  4- 6 || total
-------------------------+-------+-------++-------
 Cast: Magic Dart        |    45 |    33 ||    78
       Searing Ray       |     1 |     1 ||     2
  Use: Scroll            |     3 |     1 ||     4
Armor: Leather armour    |     1 |       ||     1
Dodge: Dodged            |     4 |     1 ||     5

Table legend: (Time is in decaauts)
 A = Elapsed time spent in this place.
 B = Non-inter-level travel time spent in this place.
 C = Inter-level travel time spent in this place.
 D = Time resting spent in this place.
 E = Time spent auto-exploring this place.
 F = Levels seen in this place.
 G = Mean time per level.
                   A        B        C        D        E       F      G
               +--------+--------+--------+--------+--------+-----+--------+
         Total |   1805 |   1776 |     29 |      0 |   1497 |   3 |  601.7 |
       Dungeon |   1805 |   1776 |     29 |      0 |   1497 |   3 |  601.7 |
               +--------+--------+--------+--------+--------+-----+--------+

Top non-repeatable levels by time:
     D:2: 886 daAuts
     D:1: 846 daAuts
     D:3: 72 daAuts
